 Dungeon Crawl Stone Soup version 0.23-a0-395-gcf17ac6c65 (webtiles) character file.

286 LostNumber the Sneak (level 6, -5/37 HPs)
             Began as a Kobold Assassin on Nov 1, 2018.
             Was an Initiate of Trog.
             Killed by divine providence
             ... invoked by an orc priest
              (17 damage)
             ... on level 4 of the Dungeon.
             The game lasted 00:11:43 (5791 turns).

LostNumber the Sneak (Kobold Assassin)              Turns: 5791, Time: 00:11:44

Health: -5/37      AC:  7    Str: 11    XL:     6   Next: 56%
Magic:  6/6        EV: 13    Int: 12    God:    Trog [......]
Gold:   151        SH:  0    Dex: 16    Spells: 5/5 levels left

rFire    . . .     SeeInvis .   a - +0 quarterstaff
rCold    . . .     Gourm    .   (shield currently unavailable)
rNeg     . . .     Faith    .   o - +0 ring mail
rPois    .         Spirit   .   r - +0 helmet
rElec    .         Reflect  .   d - +0 cloak
rCorr    .         Harm     .   (no gloves)
MR       .....                  (no boots)
Stlth    +++.......             (no amulet)
HPRegen  0.12/turn              (no ring)
MPRegen  0.10/turn              (no ring)

@: no status effects
A: small, carnivore
a: Renounce Religion


You were on level 4 of the Dungeon.
You worshipped Trog.
Trog was noncommittal.
You were very full.

You visited 2 branches of the dungeon, and saw 5 of its levels.

You collected 151 gold pieces.

Inventory:

Hand Weapons
 a - a +0 quarterstaff (weapon)
 b - a +0 blowgun
 t - a +1 antimagic flail
 A - a +2 dagger
Missiles
 e - 37 poisoned needles
Armour
 c - a +0 robe
 d - a +0 cloak (worn)
 o - a +0 ring mail (worn)
 r - a +0 helmet (worn)
 u - a +0 buckler
Jewellery
 C - a cursed -3 ring of dexterity
Scrolls
 h - 5 scrolls of identify {unknown}
 i - 4 scrolls of remove curse {unknown}
 k - 2 scrolls of enchant weapon {unknown}
 l - a scroll of fog {unknown}
 n - 4 scrolls of teleportation {unknown}
 s - a scroll of immolation {unknown}
 x - a scroll of magic mapping {unknown}
 y - a scroll of enchant armour {unknown}
Potions
 j - a potion of haste {unknown}
 m - a potion of brilliance {unknown}
 q - 2 potions of agility {unknown}
 v - a potion of curing {unknown}
 w - a potion of berserk rage {unknown}
 z - a potion of degeneration {unknown}
 D - 2 potions of flight {unknown}
Comestibles
 g - 6 rations


   Skills:
 + Level 3.5 Fighting
 - Level 4.5 Short Blades
 * Level 2.2 Staves
 - Level 2.9 Throwing
 - Level 2.2 Dodging
 + Level 6.5 Stealth
 - Level 0.6 Shields


You had 5 spell levels left.
You didn't know any spells.
Your spell library was empty.

Dungeon Overview and Level Annotations

Branches:
Dungeon (4/15)             Temple (1/1) D:4

Altars:
Ashenzari
Cheibriados
Dithmenos
Elyvilon
Hepliaklqana
Kikubaaqudgha
Makhleb
Okawaru
Ru
Sif Muna
Trog
Uskayaw
Vehumet
Xom
Zin
The Shining One

Annotations:
D:3 2 transporters


Innate Abilities, Weirdness & Mutations

You are small and have problems with some larger weapons.
You are carnivorous and can eat meat at any time.


Message History

The orc priest is moderately wounded.
The orc priest hits you with a +0 short sword.
Throwing (i - inventory)
B - a tomahawk (quivered)
Press: ? - help, Shift-Dir - straight line, f/p - orc priest
Aim: an orc priest, wielding a +0 short sword and wearing a +2 leather armour You throw a tomahawk.
The tomahawk barely misses the orc priest.
The orc priest hits you with a +0 short sword.
Firing (i - inventory) No suitable missiles.
Press: ? - help, Shift-Dir - straight line, f/p - orc priest
Aim: an orc priest, wielding a +0 short sword and wearing a +2 leather armour
Okay, then.
You closely miss the orc priest.
The orc priest is moderately wounded.
The orc priest hits you but does no damage.
You hit the orc priest but do no damage.
The orc priest is moderately wounded.
The orc priest calls down the wrath of Beogh upon you.
Beogh smites you!
You die...

#≈≈≈..... .
#≈≈....8. #.
#≈...≈≈.( #.
###≈..o≈.%. #.
#('...8..8( +.
#.#≈...≈... #
#)#≈...≈≈.≈ ##
#o#≈≈(...8. #.
#@#≈≈≈..o.. ##
#.#≈≈≈≈.... ##
#.#≈≈≈≈≈≈.≈ #.
#.#######+#####
## #...# #..# #
##..# #..# # #..#
#.<#### #..#
#......
#..########.#####


You could see an orc priest.

Vanquished Creatures
  A hound (D:3)
  An orc priest (D:3)
  A worker ant (D:4)
  2 orc wizards
  4 adders
  2 oozes
  4 worms (D:2)
  A dart slug (D:1)
  A leopard gecko (D:2)
  11 orcs
  3 ball pythons
  5 bats
  3 giant cockroaches
  7 goblins
  8 hobgoblins
  5 jackals
  7 frilled lizards
  10 kobolds
  5 rats
81 creatures vanquished.

Notes
Turn   | Place    | Note
-------+----------+-------------------------------------------
     0 | D:1      | LostNumber the Kobold Assassin began the quest for the Orb.
     0 | D:1      | Reached XP level 1. HP: 12/12 MP: 1/1
    71 | D:1      | Reached XP level 2. HP: 15/17 MP: 2/2
   760 | D:1      | Reached XP level 3. HP: 14/22 MP: 3/3
  2193 | D:2      | Reached XP level 4. HP: 26/27 MP: 4/4
  3690 | D:3      | Reached XP level 5. HP: 31/31 MP: 5/5
  3742 | D:3      | Found a transporter.
  4092 | D:3      | Found a transporter.
  4643 | D:3      | Reached skill level 6 in Stealth
  4814 | D:3      | Reached skill level 1 in Staves
  5181 | D:4      | Found a deep blue altar of Sif Muna.
  5273 | D:4      | Reached XP level 6. HP: 37/37 MP: 6/6
  5284 | D:4      | Found a staircase to the Ecumenical Temple.
  5362 | Temple   | Entered the Ecumenical Temple
  5505 | Temple   | Became a worshipper of Trog the Wrathful
  5791 | D:4      | Killed from afar by an orc priest

Vault maps used:
D:1:      elethiomel_arrival_infinity_welcomes_careful_drivers, minmay_unequal
D:2:      eino_tiny_chamber
D:3:      gammafunk_ghost_stat_death
D:4:      overflow_temple_1_default, minmay_temple_entry_grid,
          minmay_misc_feat_alley, kennysheep_generic_room_2
Temple:   minmay_crystal_snake_temple

Skill      XL: |  1  2  3  4  5  6 |
---------------+-------------------+-----
Short Blades   | 3 4 |  4.5
Dodging        | 2 |  2.2
Fighting       | 3 |  3.5
Stealth        | 6 |  6.5
Staves         | 1 2 |  2.2
Throwing       | |  2.9
Shields        | |  0.6

Action                   |  1- 3 |  4- 6 || total
-------------------------+-------+-------++-------
Melee: Dagger            |   125 |   128 ||   253
       Flail             |       |     1 ||     1
       Quarterstaff      |       |    72 ||    72
 Fire: Blowgun           |     6 |    44 ||    50
Throw: Tomahawk          |       |    10 ||    10
 Stab: Sleeping          |     5 |     9 ||    14
  Eat: Chunk             |    11 |    12 ||    23
Armor: Robe              |    10 |       ||    10
       Ring mail         |     6 |    50 ||    56
Dodge: Dodged            |    89 |   105 ||   194

Table legend:
 A = Non-vault XP
 B = Vault XP
 C = Vault XP percentage of total XP
 D = Non-vault monster count
 E = Vault monster count
 F = Vault count percentage of total count
                 A         B        C        D         E       F
            +---------+---------+-------+---------+---------+-------
      Total |     408 |       1 |   0.2 |      80 |       1 |   1.2
            +---------+---------+-------+---------+---------+-------
        D:1 |      53 |       0 |   0.0 |      25 |       0 |   0.0
        D:2 |      76 |       0 |   0.0 |      22 |       0 |   0.0
        D:3 |     166 |       0 |   0.0 |      21 |       0 |   0.0
        D:4 |     113 |       1 |   0.9 |      12 |       1 |   7.7
            +---------+---------+-------+---------+---------+-------
